 Dungeon Crawl Stone Soup version 0.23.2-33-g5129a83184 (webtiles) character file.

Game seed: 385461410059157612

56 Ebilmort the Magician (level 3, -2/28 HPs)
             Began as a Deep Elf Wizard on Aug 11, 2019.
             Slain by a kobold
             ... wielding a +0 short sword
              (4 damage)
             ... on level 2 of the Dungeon.
             The game lasted 00:04:04 (1065 turns).

Ebilmort the Magician (Deep Elf Wizard)             Turns: 1065, Time: 00:04:05

Health: -2/28      AC:  2    Str:  9    XL:     3   Next: 71%
Magic:  2/12       EV: 13    Int: 23    God:
Gold:   133        SH:  0    Dex: 13    Spells: 2/13 levels left

rFire    . . .     SeeInvis +   g - +1 dagger (freeze)
rCold    . . .     Gourm    .   (no shield)
rNeg     . . .     Faith    .   a - +0 robe
rPois    .         Spirit   .   b - +0 hat
rElec    .         Reflect  .   (no cloak)
rCorr    .         Harm     .   (no gloves)
MR       .....                  (no boots)
Stlth    ..........             (no amulet)
HPRegen  0.09/turn              h - ring of see invisible
MPRegen  0.13/turn              (no ring)

@: berserking, lethally poisoned (-2 -> -4), very quick
A: no striking features
a: no special abilities


You were on level 2 of the Dungeon.
You were not hungry.

You visited 1 branch of the dungeon, and saw 2 of its levels.

You collected 133 gold pieces.

Inventory:

Hand Weapons
 g - a +1 dagger of freezing (weapon)
Armour
 a - a +0 robe (worn)
 b - a +0 hat (worn)
Jewellery
 h - a ring of see invisible (left hand)
Scrolls
 c - a scroll of teleportation {unknown}
 e - a scroll of enchant weapon
 k - a scroll of identify
Comestibles
 d - 3 rations


   Skills:
 - Level 2.4 Dodging
 - Level 2.4 Stealth
 + Level 5.5 Spellcasting
 + Level 2.9 Conjurations
 - Level 1.1 Summonings
 - Level 1.1 Translocations


You had 2 spell levels left.
You knew the following spells:

 Your Spells              Type           Power        Failure   Level  Hunger
a - Magic Dart            Conj           ###.         2%          1    None
b - Blink                 Tloc           N/A          9%          2    None
c - Call Imp              Summ           ##......     9%          2    None
d - Conjure Flame         Conj/Fire      ##......     14%         3    ##.....
e - Mephitic Cloud        Conj/Pois/Air  ##......     19%         3    ##.....

Your spell library contained the following spells:

 Spells                   Type           Power        Failure   Level  Hunger
 Slow                     Hex            #.......     14%         2    None


Dungeon Overview and Level Annotations

Branches:
Dungeon (2/15)

Altars:
Nemelex Xobeh


Message History

You hit the adder.
The adder seems to slow down.
You freeze the adder.
The adder is lightly wounded.
The adder closely misses you.
You hit the adder but do no damage.
The adder is lightly wounded.
The adder is no longer moving slowly.
The adder bites you.
* * * LOW HITPOINT WARNING * * *
You are poisoned.
The adder poisons you!
It was a potion of berserk rage.
A red film seems to cover your vision as you go berserk!
You feel yourself moving faster!
You feel mighty!
You feel sick. The adder bites you.
* * * LOW HITPOINT WARNING * * *
You puncture the adder!
The adder seems to slow down.
You freeze the adder.
You kill the adder!
You are too berserk!
Sorry, you're not good enough to have a special ability.
The kobold hits you with a +0 short sword.
You die...

.......⌠.⌠.##.
#)# .#
.##+#......##.#
#K# #.#
.##.#.....#
#..# #)#..#
....#.....#
#..#####..#
.####)....#
#..g....##
>.........#
##w######
..###.....##
#.#
.<#........#
#K#
#.#.###....#
#@# ###. #....#
#.# . #....#
#.# ## #...)#
#.#
.######....#
#.#
..†........#
#.#
#######....#
#.# #....#
#.### ####.#
#...#


You could see a worm, a goblin and a kobold.

Vanquished Creatures
  A hound skeleton (D:2)
  2 adders (D:2)
  A giant cockroach (D:1)
  8 goblins
  4 hobgoblins
  4 kobolds
  A bat (D:1)
  2 frilled lizards (D:1)
23 creatures vanquished.

Notes
Turn   | Place    | Note
-------+----------+-------------------------------------------
     0 | D:1      | Ebilmort the Deep Elf Wizard began the quest for the Orb.
     0 | D:1      | Reached XP level 1. HP: 10/10 MP: 7/7
   167 | D:1      | Found a sparkling altar of Nemelex Xobeh.
   379 | D:1      | Reached XP level 2. HP: 15/15 MP: 7/9
   773 | D:1      | Reached skill level 5 in Spellcasting
   934 | D:2      | Reached XP level 3. HP: 19/19 MP: 5/11
   937 | D:2      | Found a sparkling altar of Nemelex Xobeh.
   982 | D:2      | Learned a level 2 spell: Blink
   985 | D:2      | Learned a level 2 spell: Call Imp
   989 | D:2      | Learned a level 3 spell: Conjure Flame
   993 | D:2      | Learned a level 3 spell: Mephitic Cloud
  1065 | D:2      | Slain by a kobold

Skill      XL: |  1  2 |
---------------+-------+-----
Conjurations   | 2 |  2.9
Spellcasting   | 5 |  5.5
Dodging        | |  2.4
Stealth        | |  2.4
Summonings     | |  1.1
Translocations | |  1.1

Action                   || total
-------------------------++-------
Melee: Dagger            ||     6
 Cast: Magic Dart        ||    53
  Use: Scroll            ||     5
       Potion            ||     1
Armor: Robe              ||     2
Dodge: Dodged            ||    14
